 Dungeon Crawl Stone Soup version 0.20.1-1-g8b1a95d (webtiles) character file.

137 Jannitor the Skirmisher (level 5, -3/43 HPs)
             Began as a Mummy Monk on Aug 28, 2017.
             Slain by an iguana (9 damage)
             ... on level 4 of the Dungeon.
             The game lasted 00:07:08 (3886 turns).

Jannitor the Skirmisher (Mummy Monk)                Turns: 3886, Time: 00:07:08

Health: -3/43      AC:  0    Str: 14    XL:     5   Next: 0%
Magic:  5/5        EV: 13    Int: 10    God:
Gold:   76         SH:  0    Dex: 15    Spells: 4/4 levels left

rFire    x . .     SeeInvis .     - Unarmed
rCold    + . .     Gourm    .   (no shield)
rNeg     + + +     Faith    .   (no armour)
rPois    ∞         Spirit   .   (no helmet)
rElec    .         Reflect  .   (no cloak)
rCorr    .         Harm     .   (no gloves)
MR       .....                  (no boots)
Stlth    ++........             (no amulet)
Regen    0.2/turn               (no ring)
MPRegen  0.1/turn               (no ring)

@: about to teleport
A: no food or potions, fire vulnerability, cold resistance 1, negative energy
resistance 3, torment resistance, unbreathing
a: no special abilities


You were on level 4 of the Dungeon.
You were not hungry.

You visited 1 branch of the dungeon, and saw 4 of its levels.

You collected 76 gold pieces.

Inventory:

Missiles
 h - 6 needles of paralysis (quivered)
Armour
 a - a +0 robe
Scrolls
 b - 3 scrolls of teleportation
 d - 2 scrolls of identify {unknown}
 e - a scroll of enchant armour {unknown}
 f - 3 scrolls of remove curse {unknown}
 g - 2 scrolls of recharging {unknown}
 j - a scroll of blinking {unknown}
Books
 i - a book of Misfortune

   Spells                             Type                      Level
   a - Confusing Touch                Hexes                        1
   b - Confuse                        Hexes                        3
   c - Gell's Gravitas                Translocation                3
   d - Petrify                        Transmutation/Earth          4
   e - Metabolic Englaciation         Hexes/Ice                    5
   f - Yara's Violent Unravelling     Hexes/Transmutation          5


   Skills:
 + Level 4.4 Fighting
 - Level 2.4 Dodging
 - Level 1.5 Stealth
 + Level 3.8 Unarmed Combat


You had 4 spell levels left.
You didn't know any spells.

Dungeon Overview and Level Annotations

Branches:
Dungeon (4/15)
 Temple: D:4-7

Altars:
Uskayaw

Annotations:
D:2 exclusion: downstairs
D:3 Grinder, Sigmund
D:4 exclusion: iguana


Innate Abilities, Weirdness & Mutations

You do not eat or drink.
Your flesh is vulnerable to fire.
You are immune to poison.
Your flesh is cold resistant. (rC+)
You are immune to negative energy. (rN+++)
You are immune to unholy pain and torment.
You can survive without breathing.


Message History

The iguana is lightly wounded.
The iguana barely misses you.
You hit the iguana.
The iguana is heavily wounded.
The iguana bites you.
You hit the iguana.
The iguana is heavily wounded.
The iguana bites you!
You hit the iguana but do no damage.
The iguana is heavily wounded.
You closely miss the iguana.
The iguana is heavily wounded.
The iguana misses you.
You completely miss the iguana.
The iguana is heavily wounded.
The iguana bites you!
* * * LOW HITPOINT WARNING * * *
As you read the scroll of teleportation, it crumbles to dust.
You feel strangely unstable. The iguana bites you!
You die...

#.# #.###########
#.# #.# #.....#..
#.# #.# #.###.#.#
#.# #.###.###.#.#
#.# #.##...##.#.#
#.# #............
#.# ####...<#....
#.#########(#.###.#
#.@l..>.....#.# #.#
#############.# #.#
#.# #.# #.# #.. #.#
#.. #.# ##. #.#####
#[...## ####.#


You could see an iguana.

Vanquished Creatures
  A bullfrog skeleton (D:4)
  A worker ant (D:4)
  An adder (D:3)
  An adder skeleton (D:4)
  A leopard gecko (D:1)
  An orc (D:4)
  4 bats
  8 giant cockroaches
  8 goblins
  7 hobgoblins
  11 jackals
  A kobold (D:1)
  5 quokkas
  5 frilled lizards
  A jackal skeleton (D:4)
  6 rats
62 creatures vanquished.

Notes
Turn   | Place    | Note
-------+----------+-------------------------------------------
     0 | D:1      | Jannitor the Mummy Monk began the quest for the Orb.
     0 | D:1      | Reached XP level 1. HP: 18/18 MP: 1/1
   220 | D:1      | Reached XP level 2. HP: 20/24 MP: 2/2
  1132 | D:1      | Reached XP level 3. HP: 24/29 MP: 3/3
  2251 | D:3      | Noticed Grinder
  2956 | D:3      | Reached XP level 4. HP: 22/37 MP: 4/4
  3085 | D:3      | Reached skill level 4 in Fighting
  3167 | D:3      | Noticed Sigmund
  3714 | D:4      | Found a hide-covered altar of Uskayaw.
  3779 | D:4      | Reached XP level 5. HP: 38/43 MP: 5/5
  3886 | D:4      | Slain by an iguana

Skill      XL: |  1  2  3  4 |
---------------+-------------+-----
Unarmed Combat | 3 |  3.8
Fighting       | 4 |  4.4
Dodging        | |  2.4
Stealth        | |  1.5

Action                   |  1- 3 |  4- 6 || total
-------------------------+-------+-------++-------
Melee: Unarmed           |   202 |    72 ||   274
       Punch             |     2 |     1 ||     3
  Use: Scroll            |     1 |     3 ||     4
 Stab: Sleeping          |     2 |     1 ||     3
Armor: Robe              |     8 |       ||     8
Dodge: Dodged            |   137 |    48 ||   185
